| TOP OF THE 1ST |
|
Milwaukee Creams batting - Pitching for St. Louis Cardinals : LHP Allan Anderson
|
|
Pitching: LHP Allan Anderson
|
|
|
Batting: LHB Tom Goodwin
|
0-0: Swinging Strike 0-1: Called Strike 0-2: Ball 1-2: Strikes out swinging
|
|
Batting: RHB Mark Loretta
|
0-0: Ball 1-0: DOUBLE (Line Drive, 89XD, EV 105.0 MPH)
|
|
Batting: SHB Chipper Jones
|
0-0: Called Strike 0-1: Ball 1-1: Swinging Strike 1-2: Ball 2-2: Foul Ball, location: 2F 2-2: Foul Ball, location: 2F 2-2: Ground out 6-3 (Groundball, 56, EV 106.3 MPH)
|
|
Batting: SHB Ken Caminiti
|
0-0: Ball 1-0: Called Strike 1-1: Foul Ball, location: 2F 1-2: Strikes out swinging
|
| Top of the 1st over - 0 runs, 1 hit, 0 errors, 1 left on base; Milwaukee 0 - St. Louis 0 |
| BOTTOM OF THE 1ST |
|
St. Louis Cardinals batting - Pitching for Milwaukee Creams : LHP Matt Young
|
|
Pitching: LHP Matt Young
|
|
|
Batting: RHB Jay Bell
|
0-0: Ball 1-0: SINGLE (Line Drive, 4D, EV 95.6 MPH)
|
|
Batting: RHB John Valentin
|
0-0: Foul Ball, location: 2F 0-1: Ball 1-1: Ball 2-1: Called Strike 2-2: Ball 3-2: Grounds into double play, 4-6-3 (Groundball, 34, EV 88.1 MPH)
|
|
Batting: LHB Brian S Giles
|
0-0: SINGLE (Groundball, 34D, EV 98.8 MPH)
|
|
Batting: RHB Ivan Calderon
|
0-0: Ball 1-0: Fly out, F6 (Popup, 4MS, EV 86.3 MPH)
|
| Bottom of the 1st over - 0 runs, 2 hits, 0 errors, 1 left on base; Milwaukee 0 - St. Louis 0 |
| TOP OF THE 2ND |
|
Milwaukee Creams batting - Pitching for St. Louis Cardinals : LHP Allan Anderson
|
|
Batting: LHB Carlos Delgado
|
0-0: Hit by Pitch
|
|
Batting: SHB Jorge Posada
|
0-0: Ball 1-0: Foul Ball, location: 2F 1-1: Ball 2-1: Foul Ball, location: 2F 2-2: Fly out, F8 (Flyball, 8LM, EV 86.9 MPH)
|
|
Batting: LHB John Elway
|
0-0: Called Strike 0-1: Fielders Choice at 2nd, 4-6 (Groundball, 34, EV 85.0 MPH)
|
|
Batting: SHB Gerald Young
|
0-0: Called Strike 0-1: Ball 1-1: Foul Ball, location: 2F 1-2: Ground out 5-3 (Groundball, 56S, EV 73.1 MPH)
|
| Top of the 2nd over - 0 runs, 0 hits, 0 errors, 1 left on base; Milwaukee 0 - St. Louis 0 |
| BOTTOM OF THE 2ND |
|
St. Louis Cardinals batting - Pitching for Milwaukee Creams : LHP Matt Young
|
|
Batting: LHB Karim Garcia
|
0-0: Foul Ball, location: 2F 0-1: Ball 1-1: Foul Ball, location: 2F 1-2: Strikes out swinging
|
|
Batting: RHB Dickie Thon
|
0-0: SINGLE (Line Drive, 6D, EV 96.9 MPH)
|
|
Batting: LHB Steve Finley
|
0-0: Called Strike 0-1: Ball 1-1: Foul Ball, location: 2F 1-2: SINGLE (Groundball, 34, EV 99.4 MPH) Dickie Thon to second Runner from 2nd tries for 3rd, SAFE, throw by RF made to third
|
|
Batting: RHB Damian Miller
|
0-0: Called Strike 0-1: Ball 1-1: Fly out, F6 (Line Drive, 6, EV 62.5 MPH)
|
|
Batting: SHB Stan Javier
|
0-0: Called Strike 0-1: Ball 1-1: Reached on error, E6 (Groundball, 6MD, EV 100.6 MPH) Dickie Thon scores Steve Finley to third
|
|
Batting: RHB Jay Bell
|
0-0: Ball 1-0: Ground out 6-3 (Groundball, 6, EV 106.9 MPH)
|
| Bottom of the 2nd over - 1 run, 2 hits, 1 error, 2 left on base; Milwaukee 0 - St. Louis 1 |
| TOP OF THE 3RD |
|
Milwaukee Creams batting - Pitching for St. Louis Cardinals : LHP Allan Anderson
|
|
Batting: RHB Rey Sanchez
|
0-0: Called Strike 0-1: Swinging Strike 0-2: Ball 1-2: Strikes out swinging
|
|
Batting: LHB Tom Goodwin
|
0-0: Ball 1-0: Ball 2-0: Foul Ball, location: 2F 2-1: Foul Ball, location: 2F 2-2: SINGLE (Groundball, 34D, EV 97.5 MPH)
|
|
Batting: RHB Mark Loretta
|
0-0: Called Strike Tom Goodwin steals 2nd base 0-1: Reached on error, E5 (Groundball, 5, EV 90.0 MPH) Tom Goodwin to third
|
|
Batting: SHB Chipper Jones
|
0-0: Ball 1-0: Fly out, F7 (Flyball, 7S, EV 93.8 MPH) Runner from 3rd tags up, SCORES, throw by LF
|
|
Batting: SHB Ken Caminiti
|
0-0: Ball 1-0: Called Strike 1-1: Foul Ball, location: 2F 1-2: Foul Ball, location: 2F 1-2: Ground out 4-3 (Groundball, 4, EV 75.6 MPH)
|
| Top of the 3rd over - 1 run, 1 hit, 1 error, 1 left on base; Milwaukee 1 - St. Louis 1 |
| BOTTOM OF THE 3RD |
|
St. Louis Cardinals batting - Pitching for Milwaukee Creams : LHP Matt Young
|
|
Batting: RHB John Valentin
|
0-0: Ball 1-0: Fly out, F7 (Flyball, 7LM, EV 85.6 MPH)
|
|
Batting: LHB Brian S Giles
|
0-0: Ground out 4-3 (Groundball, 4, EV 105.0 MPH)
|
|
Batting: RHB Ivan Calderon
|
0-0: Called Strike 0-1: Ball 1-1: Ground out 6-3 (Groundball, 6S, EV 78.1 MPH)
|
| Bottom of the 3rd over - 0 runs, 0 hits, 0 errors, 0 left on base; Milwaukee 1 - St. Louis 1 |
| TOP OF THE 4TH |
|
Milwaukee Creams batting - Pitching for St. Louis Cardinals : LHP Allan Anderson
|
|
Batting: LHB Carlos Delgado
|
0-0: Ball 1-0: Ball 2-0: Called Strike 2-1: Ball 3-1: Called Strike 3-2: Foul Ball, location: 2F 3-2: Base on Balls
|
|
Batting: SHB Jorge Posada
|
0-0: Foul Ball, location: 2F 0-1: Foul Ball, location: 2F 0-2: Ball 1-2: Ball 2-2: Ground out 5-3 (Groundball, 56S, EV 70.0 MPH) Carlos Delgado to second
|
|
Batting: LHB John Elway
|
0-0: Called Strike 0-1: Foul Ball, location: 2F 0-2: Ball 1-2: Ball 2-2: Foul Ball, location: 2F 2-2: Foul Ball, location: 2F 2-2: Ball 3-2: Base on Balls
|
|
Batting: SHB Gerald Young
|
0-0: Ball 1-0: Ball 2-0: Called Strike 2-1: Swinging Strike 2-2: Ball 3-2: Base on Balls Carlos Delgado to third John Elway to second
|
|
Batting: RHB Rey Sanchez
|
0-0: Foul Ball, location: 2F 0-1: SINGLE (Line Drive, 4D, EV 110.0 MPH) Carlos Delgado scores John Elway to third Gerald Young to second
|
|
Batting: LHB Tom Goodwin
|
0-0: Foul Ball, location: 2F 0-1: SINGLE (Groundball, 4S, EV 70.6 MPH) (infield hit) John Elway scores Gerald Young to third Rey Sanchez to second
|
|
Batting: RHB Mark Loretta
|
0-0: Grounds into double play, 1-2-3 (Groundball, 34S, EV 68.1 MPH)
|
| Top of the 4th over - 2 runs, 2 hits, 0 errors, 2 left on base; Milwaukee 3 - St. Louis 1 |
| BOTTOM OF THE 4TH |
|
St. Louis Cardinals batting - Pitching for Milwaukee Creams : LHP Matt Young
|
|
Batting: LHB Karim Garcia
|
0-0: Ball 1-0: Called Strike 1-1: TRIPLE (Flyball, 78XD, EV 106.9 MPH)
|
|
Batting: RHB Dickie Thon
|
0-0: Called Strike 0-1: Ball 1-1: Ball 2-1: Ball 3-1: Foul Ball, location: 2F 3-2: Foul Ball, location: 2F 3-2: SINGLE (Groundball, 34, EV 85.0 MPH) (infield hit) Karim Garcia scores
|
|
Batting: LHB Steve Finley
|
0-0: Called Strike 0-1: Ball 1-1: Ball 2-1: Sac Bunt to 3S - play at first, batter OUT! 3-4 Dickie Thon to second
|
|
Batting: RHB Damian Miller
|
0-0: Ball 1-0: Called Strike 1-1: SINGLE (Groundball, 56D, EV 108.8 MPH) - runner OUT being hit by batted ball. (infield hit)
|
|
Batting: SHB Stan Javier
|
0-0: Called Strike 0-1: Ball 1-1: Foul Ball, location: 2F 1-2: Strikes out swinging
|
| Bottom of the 4th over - 1 run, 3 hits, 0 errors, 1 left on base; Milwaukee 3 - St. Louis 2 |
| TOP OF THE 5TH |
|
Milwaukee Creams batting - Pitching for St. Louis Cardinals : LHP Allan Anderson
|
|
Batting: SHB Chipper Jones
|
0-0: Called Strike 0-1: Foul Ball, location: 2F 0-2: SINGLE (Groundball, 6D, EV 108.8 MPH)
|
|
Batting: SHB Ken Caminiti
|
0-0: Called Strike 0-1: Ball 1-1: Ball 2-1: Called Strike 2-2: Foul Ball, location: 2F 2-2: Foul Ball, location: 2F 2-2: Foul Ball, location: 2F 2-2: Foul Ball, location: 2F 2-2: Ball 3-2: 2-RUN HOME RUN (Flyball, 8LXD, EV 91.9 MPH), Distance : 422 ft
|
|
Batting: LHB Carlos Delgado
|
0-0: Ground out U3 (Groundball, 34S, EV 83.8 MPH)
|
|
Batting: SHB Jorge Posada
|
0-0: Ground out U3 (Groundball, 34, EV 101.9 MPH)
|
|
Batting: LHB John Elway
|
0-0: Called Strike 0-1: Foul Ball, location: 2F 0-2: Ball 1-2: Fly out, F2 (Popup, 23F, EV 80.6 MPH)
|
| Top of the 5th over - 2 runs, 2 hits, 0 errors, 0 left on base; Milwaukee 5 - St. Louis 2 |
| BOTTOM OF THE 5TH |
|
St. Louis Cardinals batting - Pitching for Milwaukee Creams : LHP Matt Young
|
|
Batting: RHB Jay Bell
|
0-0: SINGLE (Line Drive, 8RS, EV 87.5 MPH)
|
|
Batting: RHB John Valentin
|
0-0: Called Strike 0-1: Bunted foul 0-2: Ball 1-2: Ball 2-2: Ball 3-2: Reached on error, E4 (Groundball, 34, EV 111.3 MPH) Jay Bell to second
|
|
Batting: LHB Brian S Giles
|
0-0: Foul Ball, location: 2F 0-1: Ball 1-1: Foul Ball, location: 2F 1-2: Ball 2-2: Ball 3-2: DOUBLE (Flyball, 8RXD, EV 92.5 MPH) Jay Bell scores John Valentin to third
|
|
Batting: RHB Ivan Calderon
|
0-0: Called Strike 0-1: Swinging Strike 0-2: Foul Ball, location: 2F 0-2: Ground out 5-3 (Groundball, 5, EV 82.5 MPH)
|
|
Batting: LHB Karim Garcia
|
0-0: Foul Ball, location: 2F 0-1: Ball 1-1: Ball 2-1: 3-RUN HOME RUN (Flyball, 78XD, EV 101.3 MPH), Distance : 396 ft
|
|
Batting: RHB Dickie Thon
|
0-0: Ball 1-0: Fly out, F9 (Flyball, 9S, EV 90.6 MPH)
|
|
Batting: LHB Steve Finley
|
0-0: Ball 1-0: Called Strike 1-1: Fly out, F9 (Flyball, 89D, EV 82.5 MPH)
|
| Bottom of the 5th over - 4 runs, 3 hits, 1 error, 0 left on base; Milwaukee 5 - St. Louis 6 |
| TOP OF THE 6TH |
|
Milwaukee Creams batting - Pitching for St. Louis Cardinals : LHP Allan Anderson
|
|
Pitching: LHP Randy Myers
|
|
|
Batting: SHB Gerald Young
|
0-0: Ball 1-0: Called Strike 1-1: SINGLE (Groundball, 5, EV 81.3 MPH) (infield hit)
|
|
Batting: RHB Rey Sanchez
|
0-0: Ball 1-0: Called Strike 1-1: Ball 2-1: Sac Bunt to 5S - play at first, batter OUT! 5-4 Gerald Young to second
|
|
Batting: LHB Tom Goodwin
|
0-0: Called Strike Gerald Young steals 3rd base 0-1: Ball 1-1: Swinging Strike 1-2: Ball 2-2: Strikes out swinging
|
|
Batting: RHB Mark Loretta
|
0-0: Called Strike 0-1: Ball 1-1: Called Strike 1-2: Ground out 6-3 (Groundball, 6, EV 90.0 MPH)
|
| Top of the 6th over - 0 runs, 1 hit, 0 errors, 1 left on base; Milwaukee 5 - St. Louis 6 |
| BOTTOM OF THE 6TH |
|
St. Louis Cardinals batting - Pitching for Milwaukee Creams : LHP Matt Young
|
|
Batting: RHB Damian Miller
|
0-0: Called Strike 0-1: Ball 1-1: Ball 2-1: Ball 3-1: Ground out 1-3 (Groundball, 13S, EV 68.8 MPH)
|
|
Batting: SHB Stan Javier
|
0-0: Foul Ball, location: 2F 0-1: Ball 1-1: Foul Ball, location: 2F 1-2: Ball 2-2: Fly out, F8 (Line Drive, 8RD, EV 96.9 MPH)
|
|
Batting: RHB Jay Bell
|
0-0: Foul Ball, location: 2F 0-1: Ball 1-1: Ball 2-1: Ball 3-1: Fly out, F7 (Flyball, 78M, EV 90.6 MPH)
|
| Bottom of the 6th over - 0 runs, 0 hits, 0 errors, 0 left on base; Milwaukee 5 - St. Louis 6 |
| TOP OF THE 7TH |
|
Milwaukee Creams batting - Pitching for St. Louis Cardinals : LHP Randy Myers
|
|
Batting: SHB Chipper Jones
|
0-0: DOUBLE (Flyball, 78D, EV 105.6 MPH)
|
|
Batting: SHB Ken Caminiti
|
0-0: Ball 1-0: Ball 2-0: Ball 3-0: Base on Balls
|
|
Batting: LHB Carlos Delgado
|
0-0: Called Strike 0-1: Swinging Strike 0-2: Strikes out swinging
|
|
Pitching: RHP Steve Chitren
|
|
|
Batting: SHB Jorge Posada
|
0-0: Ball 1-0: Called Strike 1-1: Fielders Choice at 2nd, 3-6 (Groundball, 34S, EV 92.5 MPH) Chipper Jones to third
|
|
Batting: LHB John Elway
|
0-0: Called Strike 0-1: Ball 1-1: Ball 2-1: Ground out 4-3 (Groundball, 4, EV 94.4 MPH)
|
| Top of the 7th over - 0 runs, 1 hit, 0 errors, 2 left on base; Milwaukee 5 - St. Louis 6 |
| BOTTOM OF THE 7TH |
|
St. Louis Cardinals batting - Pitching for Milwaukee Creams : LHP Matt Young
|
|
Batting: RHB John Valentin
|
0-0: Ground out 6-3 (Groundball, 6, EV 106.3 MPH)
|
|
Batting: LHB Brian S Giles
|
0-0: SINGLE (Groundball, 34D, EV 98.8 MPH)
|
|
Batting: RHB Ivan Calderon
|
0-0: Called Strike 0-1: Ball 1-1: Ball 2-1: Ground out 5-3 (Groundball, 56, EV 100.0 MPH) Brian S Giles to second
|
|
Batting: LHB Karim Garcia
|
0-0: Intentional Walk
|
|
Batting: RHB Dickie Thon
|
0-0: Swinging Strike 0-1: Ball 1-1: Foul Ball, location: 2F 1-2: Fielders Choice at 2nd, 6-4 (Groundball, 6, EV 102.5 MPH)
|
| Bottom of the 7th over - 0 runs, 1 hit, 0 errors, 2 left on base; Milwaukee 5 - St. Louis 6 |
| TOP OF THE 8TH |
|
Milwaukee Creams batting - Pitching for St. Louis Cardinals : RHP Steve Chitren
|
|
Batting: SHB Gerald Young
|
0-0: Ball 1-0: Called Strike 1-1: Ball 2-1: Ball 3-1: Foul Ball, location: 2F 3-2: Ground out 2-3 (Groundball, 13S, EV 68.8 MPH)
|
|
Batting: RHB Rey Sanchez
|
0-0: Foul Ball, location: 2F 0-1: Foul Ball, location: 2F 0-2: Ball 1-2: Foul Ball, location: 2F 1-2: Ball 2-2: Ball 3-2: Foul Ball, location: 2F 3-2: Foul Ball, location: 2F 3-2: Foul Ball, location: 2F 3-2: Ground out 6-3 (Groundball, 56S, EV 88.1 MPH)
|
|
Batting: LHB Tom Goodwin
|
0-0: Ball 1-0: Called Strike 1-1: Fly out, F3 (Line Drive, 3, EV 64.4 MPH)
|
| Top of the 8th over - 0 runs, 0 hits, 0 errors, 0 left on base; Milwaukee 5 - St. Louis 6 |
| BOTTOM OF THE 8TH |
|
St. Louis Cardinals batting - Pitching for Milwaukee Creams : LHP Matt Young
|
|
Pitching: LHP Rob Murphy
|
|
|
Batting: LHB Steve Finley
|
0-0: Ball 1-0: Called Strike 1-1: Swinging Strike 1-2: Ball 2-2: Fly out, F8 (Flyball, 8LM, EV 90.6 MPH)
|
|
Batting: RHB Damian Miller
|
0-0: Called Strike 0-1: Ball 1-1: Ball 2-1: Ball 3-1: Foul Ball, location: 2F 3-2: Base on Balls
|
|
Batting: SHB Stan Javier
|
0-0: Ball 1-0: Called Strike 1-1: Ball 2-1: Ground out 5-3 (Groundball, 56S, EV 75.0 MPH) Damian Miller to second
|
|
Batting: RHB Jay Bell
|
0-0: Fly out, F9 (Flyball, 9LMF, EV 98.1 MPH)
|
| Bottom of the 8th over - 0 runs, 0 hits, 0 errors, 1 left on base; Milwaukee 5 - St. Louis 6 |
| TOP OF THE 9TH |
|
Milwaukee Creams batting - Pitching for St. Louis Cardinals : RHP Steve Chitren
|
|
Batting: RHB Mark Loretta
|
0-0: Ball 1-0: Ground out 6-3 (Groundball, 6, EV 88.8 MPH)
|
|
Batting: SHB Chipper Jones
|
0-0: Ball 1-0: Fly out, F8 (Flyball, 8RD, EV 105.0 MPH)
|
|
Batting: SHB Ken Caminiti
|
0-0: Foul Ball, location: 2F 0-1: SOLO HOME RUN (Line Drive, 9D, EV 105.0 MPH), Distance : 369 ft
|
|
Batting: LHB Carlos Delgado
|
0-0: Called Strike 0-1: Swinging Strike 0-2: Ball 1-2: Strikes out swinging
|
| Top of the 9th over - 1 run, 1 hit, 0 errors, 0 left on base; Milwaukee 6 - St. Louis 6 |
| BOTTOM OF THE 9TH |
|
St. Louis Cardinals batting - Pitching for Milwaukee Creams : LHP Rob Murphy
|
|
Batting: RHB John Valentin
|
0-0: Ball 1-0: Fly out, F4 (Popup, 3DF, EV 68.8 MPH)
|
|
Batting: LHB Brian S Giles
|
0-0: Ball 1-0: Ball 2-0: Ball 3-0: Base on Balls
|
|
Pitching: LHP Jeff Calhoun
|
|
|
Batting: RHB Ivan Calderon
|
0-0: Ball 1-0: Foul Ball, location: 2F 1-1: Ball 2-1: Swinging Strike 2-2: Strikes out looking
|
|
Batting: LHB Karim Garcia
|
0-0: Called Strike 0-1: Ball 1-1: Fly out, F8 (Line Drive, 8LD, EV 94.4 MPH)
|
| Bottom of the 9th over - 0 runs, 0 hits, 0 errors, 1 left on base; Milwaukee 6 - St. Louis 6 |
| TOP OF THE 10TH |
|
Milwaukee Creams batting - Pitching for St. Louis Cardinals : RHP Steve Chitren
|
|
Batting: SHB Jorge Posada
|
0-0: Ball 1-0: Called Strike 1-1: DOUBLE (Flyball, 78D, EV 112.5 MPH)
|
|
Pitching: LHP Terry Mulholland
|
|
|
Batting: LHB John Elway
|
0-0: Ball 1-0: Ball 2-0: Ball 3-0: Called Strike 3-1: Foul Ball, location: 2F 3-2: Base on Balls
|
|
Pinch Runner at 2nd Ken R. Williams:
|
|
|
Batting: SHB Gerald Young
|
0-0: Called Strike 0-1: Ball Passed Ball! Ken R. Williams to third John Elway to second 1-1: SINGLE (Groundball, 34D, EV 95.6 MPH) Ken R. Williams scores John Elway to third
|
|
Batting: RHB Rey Sanchez
|
0-0: SINGLE (Groundball, 34D, EV 101.9 MPH) John Elway scores Gerald Young to second Runner from 2nd tries for 3rd, SAFE, no throw by RF
|
|
Batting: LHB Tom Goodwin
|
0-0: Called Strike 0-1: Fielders Choice at 2nd, 1-6 (Groundball, 34S, EV 71.3 MPH)
|
|
Batting: RHB Mark Loretta
|
0-0: Called Strike 0-1: Ball 1-1: Ball 2-1: Called Strike 2-2: Ball 3-2: Fielders Choice at 2nd, 6-4 (Groundball, 6, EV 78.1 MPH) Gerald Young scores
|
|
Batting: SHB Chipper Jones
|
0-0: Ball 1-0: Called Strike 1-1: Ball 2-1: Ball 3-1: Reached on error, E6 (Groundball, 6, EV 81.9 MPH) Mark Loretta to second
|
|
Batting: SHB Ken Caminiti
|
0-0: Ball 1-0: Ball 2-0: Ball 3-0: Base on Balls Mark Loretta to third Chipper Jones to second
|
|
Batting: LHB Carlos Delgado
|
0-0: SINGLE (Line Drive, 8LS, EV 107.5 MPH) Mark Loretta scores Chipper Jones to third Ken Caminiti to second Runner from 3rd tries for Home, SAFE, throw by CF to home
|
|
Pitching: RHP Bryce Florie
|
|
|
Batting: RHB Ken R. Williams
|
0-0: Swinging Strike 0-1: Swinging Strike 0-2: Ground out 4-3 (Groundball, 4, EV 82.5 MPH)
|
| Top of the 10th over - 5 runs, 4 hits, 1 error, 2 left on base; Milwaukee 11 - St. Louis 6 |
| BOTTOM OF THE 10TH |
|
St. Louis Cardinals batting - Pitching for Milwaukee Creams : LHP Jeff Calhoun
|
|
Now at C: Brad Ausmus
|
|
|
Batting: RHB Dickie Thon
|
0-0: Called Strike 0-1: Ball 1-1: Foul Ball, location: 2F 1-2: Ball 2-2: Fly out, F3 (Line Drive, 3, EV 73.1 MPH)
|
|
Batting: LHB Steve Finley
|
0-0: Foul Ball, location: 2F 0-1: Ball 1-1: Foul Ball, location: 2F 1-2: Ball 2-2: Ball 3-2: Base on Balls
|
|
Batting: RHB Damian Miller
|
0-0: Called Strike 0-1: Ball 1-1: Ball 2-1: DOUBLE (Line Drive, 89XD, EV 106.3 MPH) Steve Finley to third
|
|
Batting: SHB Stan Javier
|
0-0: Ball 1-0: Foul Ball, location: 2F 1-1: Swinging Strike 1-2: Ball 2-2: Ball 3-2: Strikes out swinging
|
|
Batting: RHB Jay Bell
|
0-0: Called Strike 0-1: Ball 1-1: Foul Ball, location: 2F 1-2: Foul Ball, location: 2F 1-2: Fly out, F9 (Line Drive, 9, EV 92.5 MPH)
|
| Bottom of the 10th over - 0 runs, 1 hit, 0 errors, 2 left on base; Milwaukee 11 - St. Louis 6 |
|